 Dungeon Crawl Stone Soup version 0.28-a0-1524-ge72afd5fc6 (webtiles) character file.

Game seed: 12098988216355659702

7 psuckher the Sneak (level 2, -1/24 HPs)
             Began as a Barachi Delver on Jan 17, 2022.
             Slain by a sky beast (6 damage)
             ... on level 5 of the Dungeon.
             The game lasted 00:00:54 (113 turns).

psuckher the Sneak (Barachi Delver)                  Turns: 113, Time: 00:00:55

Health: -1/24      AC:  3    Str: 13    XL:     2   Next: 4%
Magic:  2/2        EV: 12    Int: 10    God:
Gold:   22         SH:  0    Dex: 13    Spells: 1/1 levels left

rFire   . . .      SeeInvis .   a - +0 falchion
rCold   . . .      Faith    .   (no shield)
rNeg    . . .      Spirit   .   b - +0 leather armour
rPois   .          Reflect  .   (no helmet)
rElec   .          Harm     .   (no cloak)
rCorr   .          Rampage  .   (no gloves)
Will    .....                   (no boots)
Stlth   ++........              (no amulet)
HPRegen 0.08/turn               (no ring)
MPRegen 0.08/turn               (no ring)

@: slow
A: amphibious, slowness 1, strong legs 1, +LOS
a: Hop


You were on level 5 of the Dungeon.
You visited 1 branch of the dungeon, and saw 1 of its levels.

You collected 22 gold pieces.

Inventory:

Hand Weapons
 a - a +0 falchion (weapon)
 h - a +0 morningstar
Armour
 b - a +0 leather armour (worn)
Wands
 g - a wand of digging (3)
Scrolls
 c - a scroll of fog
 d - a scroll of magic mapping
Potions
 f - a potion of haste


   Skills:
 + Level 3.6 Fighting
 + Level 2.4 Long Blades
 + Level 2.8 Dodging
 + Level 4.6 Stealth


You had one spell level left.
You didn't know any spells.
Your spell library contained the following spells:

 Spells                   Type           Power      Damage    Failure   Level
 Frozen Ramparts          Ice            0%         1d2       82%         3
 Ice Form                 Ice/Tmut       0%         N/A       99%         4
 Summon Ice Beast         Ice/Summ       0%         N/A       99%         4


Dungeon Overview and Level Annotations

Branches:
Dungeon (5/15)
 Temple: D:4-7

Altars:


Innate Abilities, Weirdness & Mutations

You are amphibious.
You cover ground slowly.
You can hop short distances.
You have an extended range of vision and can be seen from far away.


Message History

The orc is moderately wounded.
The orc closely misses you. The orc completely misses you.
You hit the orc.
You kill the orc!
Things that are here:
a +0 morningstar; an orc corpse
Things that are here:
a +0 morningstar; an orc corpse
h - a +0 morningstar You now have 17 gold pieces.
You now have 22 gold pieces (gained 5).
An ufetubus comes into view.
The ufetubus shouts!
You miss the ufetubus. The ufetubus hits you. The ufetubus closely misses you.
A sky beast comes into view.
You hit the ufetubus.
The ufetubus is heavily wounded.
The ufetubus completely misses you. The ufetubus closely misses you.
The ufetubus hits you.
The ufetubus hits you but does no damage.
You hit the ufetubus.
You kill the ufetubus!
You have reached level 2!
As you read the scroll of fear, it crumbles to dust.
You assume a fearsome visage.
The sky beast looks frightened!
The sky beast flickers out of sight!
Deactivating autopickup; reactivate with Ctrl-A.
A necrophage comes into view.
Something hits you. Something shocks you.
A sky beast appears from thin air!
Reactivating autopickup.
The sky beast flickers out of sight!
Deactivating autopickup; reactivate with Ctrl-A.
Something hits you. Something shocks you.
* * * LOW HITPOINT WARNING * * *
There is a stone staircase leading down here.
Something hits you.
* * * LOW HITPOINT WARNING * * *
Something shocks you.
You die...

..#...####.# ##.##.# #.#
...##.# #.# ......# #.#
##.#### #.#### ##.#
####....##
##.####<.......## .
#.....#..#......######...
......#..#..#..n@........
#........................
#.....#.[...##...........
#.....#.....##..######...
....###.........# ..
###.###.........#
#.##.#.#.#.#..##
..##...........#
#..#.#.#.#.#.#..#


You could see a necrophage.

Vanquished Creatures
  An ufetubus (D:5)
  An orc (D:5)
2 creatures vanquished.

Notes
Turn   | Place    | Note
-------+----------+-------------------------------------------
     0 | D:5      | psuckher the Barachi Delver began the quest for the Orb.
     0 | D:5      | Reached XP level 1. HP: 18/18 MP: 1/1
    89 | D:5      | Noticed a sky beast
    92 | D:5      | Reached XP level 2. HP: 18/24 MP: 2/2
   100 | D:5      | Noticed a necrophage
   113 | D:5      | Slain by a sky beast

Illustrated notes

Levels and vault maps discovered:
D:5:      layout_loops_cross, dk_vineyard_2, hex_medium

Action                   || total
-------------------------++-------
Melee: Falchion          ||     8
  Use: Scroll            ||     1
Armor: Leather armour    ||     1
Dodge: Dodged            ||     9

Table legend: (Time is in decaauts)
 A = Elapsed time spent in this place.
 B = Non-inter-level travel time spent in this place.
 C = Inter-level travel time spent in this place.
 D = Time resting spent in this place.
 E = Time spent auto-exploring this place.
 F = Levels seen in this place.
 G = Mean time per level.
                   A        B        C        D        E       F      G
               +--------+--------+--------+--------+--------+-----+--------+
         Total |    134 |    118 |     16 |      0 |      0 |   1 |  134.0 |
       Dungeon |    134 |    118 |     16 |      0 |      0 |   1 |  134.0 |
               +--------+--------+--------+--------+--------+-----+--------+

Top non-repeatable levels by time:
     D:5: 134 daAuts
